Map: Eternal Empire LE

Players

Asuna - Winner!

  • Race: Protoss Protoss
  • Spawn Location: 7:00

LiquidTLO (TLO)

  • Race: Zerg Zerg
  • League: Master
  • Spawn Location: 1:00

Event: DreamHack SC2 Masters 2020 Fall

VOD

Have the link to the VOD?

Description

Time

  • Played on: Sept. 5, 2020, 5:44 p.m.
  • Length: 8:48

All games in this series

Show
View Real Time Build Order
Export as new Build Order

Asuna Protoss - Winner!

Build Orders: 1 Gate Expand, Oracle Opening, Zealot Archon 

Get SALT Encoding   

  12  0:00  Probe  
  13  0:12  Probe  
  14  0:20  Pylon  
  14  0:24  Probe  
  15  0:38  Probe (Chrono Boost)  
  15  0:42  Gateway  
  16  0:48  Assimilator, Probe (Chrono Boost)  
  17  0:53  Probe (Chrono Boost)  
  18  1:05  Probe  
  19  1:19  Probe  
  20  1:27  Nexus  
  20  1:36  Cybernetics Core  
  20  1:38  Probe  
  21  1:46  Assimilator  
  21  1:51  Probe  
  22  1:57  Pylon  
  22  2:03  Probe  
  23  2:12  Adept (Chrono Boost)  
  23  2:13  Warp Gate  
  25  2:16  Probe  
  26  2:27  Stargate  
  26  2:30  Pylon  
  26  2:32  Adept (Chrono Boost)  
  28  2:39  Probe  
  28  2:42  Probe  
  30  2:47  Pylon  
  30  2:51  Probe  
  31  2:54  Probe  
  32  2:59  Stalker  
  32  3:03  Probe  
  35  3:06  Probe  
  35  3:10  Oracle (Chrono Boost)  
  35  3:15  Probe (Chrono Boost)  
  40  3:21  Probe (Chrono Boost)  
  40  3:23  Gateway  
  41  3:27  Probe (Chrono Boost)  
  41  3:30  Pylon  
  42  3:36  Probe (Chrono Boost)  
  42  3:38  Probe (Chrono Boost)  
  43  3:44  Probe (Chrono Boost)  
  44  3:48  Oracle  
  44  3:52  Pylon  
  44  3:53  Probe (Chrono Boost)  
  49  3:56  Probe (Chrono Boost)  
  50  4:03  Probe x2 (Chrono Boost)  
  50  4:08  Pylon  
  51  4:13  Adept  
  51  4:14  Probe  
  54  4:18  Assimilator  
  54  4:23  Assimilator, Pylon  
  54  4:24  Twilight Council  
  54  4:27  Forge  
  54  4:35  Probe x2  
  56  4:45  Robotics Facility  
  56  4:50  Nexus, Protoss Ground Weapons Level 1 (Chrono Boost)  
  56  4:52  Probe x2  
  58  4:57  Charge (Chrono Boost)  
  58  5:09  Gateway  
  58  5:13  Adept x2  
  62  5:20  Gateway  
  62  5:26  Gateway  
  62  5:28  Gateway  
  62  5:37  Warp Prism  
  64  5:49  Zealot x2  
  60  5:54  Templar Archives  
  58  5:57  Gateway  
  58  5:58  Gateway  
  58  6:05  Zealot  
  58  6:06  Probe x2  
  58  6:12  Zealot x2  
  62  6:19  Zealot  
  62  6:20  Probe x2  
  62  6:25  Pylon  
  66  6:31  Zealot  
  68  6:33  High Templar x4  
  68  6:35  Probe  
  68  6:37  Archon x2  
  68  6:39  Zealot  
  79  6:40  Probe x2  
  79  6:46  Pylon  
  81  6:47  Probe  
  81  6:52  Zealot  
  84  6:57  Zealot  
  84  6:58  Zealot  
  88  7:06  Zealot x4  
  96  7:09  Zealot  
  96  7:13  Zealot  
  84  7:19  Zealot x2  
  82  7:34  Zealot x4  
  82  7:35  Zealot  
  92  7:38  Zealot  
Show
View Real Time Build Order
Export as new Build Order

LiquidTLO Zerg 

Build Orders: Hatch First 

Get SALT Encoding   

  12  0:00  Drone  
  13  0:12  Overlord  
  13  0:17  Drone  
  14  0:30  Drone x2  
  16  0:48  Hatchery  
  15  0:52  Drone  
  15  0:55  Drone  
  17  0:59  Drone  
  17  1:04  Extractor  
  17  1:15  Spawning Pool  
  16  1:19  Drone  
  16  1:23  Drone  
  18  1:28  Drone  
  19  1:39  Drone  
  20  1:49  Drone  
  21  2:01  Zergling x4  
  21  2:02  Queen  
  21  2:03  Queen  
  27  2:09  Metabolic Boost  
  27  2:16  Overlord  
  27  2:19  Drone  
  28  2:31  Extractor  
  28  2:33  Drone  
  28  2:37  Drone  
  30  2:42  Drone, Hatchery  
  30  2:44  Drone  
  30  2:48  Drone  
  32  2:53  Queen  
  34  2:58  Drone  
  34  2:59  Drone  
  34  3:03  Overlord  
  36  3:09  Overlord  
  36  3:11  Drone  
  36  3:21  Queen, Overlord  
  36  3:22  Drone  
  36  3:24  Zergling x2  
  36  3:25  Zergling x2  
  41  3:30  Drone, Evolution Chamber  
  41  3:34  Drone  
  42  3:39  Drone  
  42  3:41  Drone  
  44  3:43  Drone, Overlord  
  44  3:47  Spore Crawler  
  44  3:50  Spore Crawler  
  44  3:53  Drone  
  44  3:54  Drone  
  46  3:55  Drone  
  46  3:56  Drone  
  46  3:59  Drone  
  48  4:06  Zerg Melee Weapons Level 1  
  48  4:07  Drone  
  49  4:10  Drone, Spore Crawler  
  49  4:12  Drone  
  49  4:14  Drone  
  51  4:18  Drone  
  51  4:19  Drone  
  51  4:21  Zergling x2  
  51  4:23  Drone  
  55  4:24  Drone  
  55  4:26  Drone x2  
  55  4:28  Zergling x2  
  59  4:34  Drone x2, Extractor  
  59  4:35  Drone, Baneling Nest  
  59  4:37  Drone  
  61  4:39  Drone  
  61  4:41  Overlord  
  61  4:44  Zergling x2  
  64  4:45  Zergling x2  
  64  4:48  Zergling x2  
  64  4:56  Zergling x2  
  65  5:00  Zergling x2  
  65  5:01  Drone, Extractor, Lair  
  65  5:02  Zergling x2  
  65  5:04  Zergling x2  
  65  5:05  Zergling x2  
  69  5:09  Drone  
  69  5:10  Hatchery  
  69  5:11  Drone x2  
  69  5:13  Drone  
  72  5:15  Drone  
  72  5:17  Overlord  
  72  5:20  Overlord  
  73  5:25  Overlord  
  73  5:28  Overlord  
  73  5:30  Extractor  
  73  5:33  Drone  
  73  5:38  Drone  
  73  5:39  Drone  
  73  5:41  Drone x2  
  73  5:42  Drone x2  
  77  5:43  Drone  
  77  5:44  Drone x2  
  77  5:47  Drone  
  77  5:48  Drone  
  77  5:49  Zergling x2  
  80  5:54  Extractor  
  80  5:55  Drone  
  80  5:56  Drone, Extractor  
  80  6:00  Zergling x4  
  80  6:01  Zerg Melee Weapons Level 2  
  80  6:05  Zergling x2  
  80  6:06  Hydralisk Den  
  80  6:07  Zergling x2  
  80  6:08  Hatchery  
  80  6:10  Zergling x4  
  79  6:11  Zergling x2  
  79  6:14  Zergling x4  
  79  6:17  Centrifical Hooks  
  82  6:20  Zergling x2  
  82  6:22  Hydralisk Den  
  82  6:25  Overlord  
  82  6:27  Drone, Spore Crawler  
  82  6:29  Drone  
  82  6:32  Zergling x2  
  83  6:34  Baneling x4  
  83  6:35  Grooved Spines  
  83  6:38  Hydralisk, Overlord  
  86  6:41  Baneling x4  
  86  6:42  Overlord  
  86  6:44  Drone  
  86  6:45  Drone  
  88  6:47  Overlord  
  88  6:48  Baneling  
  88  6:49  Baneling x2  
  88  6:54  Drone x2  
  88  6:55  Drone, Hydralisk  
  88  6:56  Overlord  
  88  7:00  Hydralisk  
  94  7:02  Hydralisk  
  94  7:07  Hydralisk  
  94  7:08  Hydralisk  
  99  7:09  Zergling x2  
  99  7:10  Zergling x4  
  99  7:11  Zergling x2  
  99  7:12  Zergling x2  
  99  7:14  Zergling x2  
  99  7:15  Zergling x2  
  90  7:16  Zergling x2  
  90  7:18  Zergling x2  
  90  7:19  Hydralisk  
  90  7:20  Zergling x2  
  90  7:22  Zergling x2  
  77  7:23  Zergling x2  
  77  7:25  Zergling x2  
  77  7:26  Zergling x2  
  77  7:29  Zergling x2  
  73  7:31  Zergling x2  
  73  7:34  Zergling x2  
  73  7:35  Zergling x2  

Tags
 
Add a new tag
Caveats
  • Supply blocks, unpowered buildings, or Contaminate may cause inaccurate times.
  • Supply counts are checked every 10 seconds.